 Dungeon Crawl Stone Soup version 0.31-a0-210-gccc998df9b (webtiles) character file.

Game seed: 12216239547427798145

390 Anon1729 the Trooper (level 6, 0/56 HPs)
             Began as a Minotaur Monk on June 30, 2023.
             Killed by nerve-wracking pain
             ... invoked by an orc priest
              (10 damage)
             ... on level 3 of the Dungeon.
             The game lasted 00:01:27 (2111 turns).

Anon1729 the Trooper (Minotaur Monk)                Turns: 2111, Time: 00:01:27

Health: 0/56       AC: 11    Str: 18    XL:     6   Next: 50%
Magic:  5/5        EV:  9    Int:  7    God:
Gold:   155        SH:  5    Dex: 12    Spells: 5/5 levels left

rFire   . . .        r - +0 broad axe
rCold   . . .        d - orb {light}
rNeg    . . .        k - +0 chain mail
rPois   .            (helmet restricted)
rElec   .            (no cloak)
rCorr   .            j - +0 pair of gloves
SInv    .            g - +0 pair of boots
Will    .....        n - amulet of reflection Stlth
                     (no ring)
HPRegen 0.29/turn    (no ring)
MPRegen 0.09/turn

%: reflection
@: glowing
A: horns 2, retaliatory headbutt
a: no special abilities


You were on level 3 of the Dungeon.
You visited 1 branch of the dungeon, and saw 3 of its levels.

You collected 155 gold pieces.

Inventory:

Hand Weapons
 a - a +0 hand axe
 r - a +0 broad axe (weapon)
Armour
 b - a +0 robe
 d - an orb of light (worn)
 g - a +0 pair of boots (worn)
 j - a +0 pair of gloves (worn)
 k - a +0 chain mail (worn)
Jewellery
 n - an amulet of reflection (around neck)
 s - an amulet of the acrobat
 t - a ring of willpower
Scrolls
 i - a scroll of immolation {unknown}
 p - a scroll of identify {unknown}
 u - 2 scrolls of teleportation
Potions
 c - a potion of ambrosia
 e - 2 potions of heal wounds {unknown}
 f - 2 potions of curing {unknown}
 h - a potion of degeneration {unknown}
 l - 2 potions of magic {unknown}
 m - a potion of attraction {unknown}
 o - a potion of brilliance {unknown}
 q - 3 potions of haste {unknown}


   Skills:
 + Level 5.4 Fighting
 + Level 5.3 Axes
 + Level 3.7 Armour
 + Level 4.9 Dodging


You had 5 spell levels left.
You didn't know any spells.
Your spell library was empty.

Dungeon Overview and Level Annotations

Branches:
Dungeon (3/15)

Altars:

Shops:
D:3 (


Innate Abilities, Weirdness & Mutations

You have a pair of horns on your head.
You reflexively headbutt those who attack you in melee.


Message History

The orc priest calls down the wrath of Beogh upon you.
Beogh smites you!
* * * LOW HITPOINT WARNING * * *
The orc wizard points at you and mumbles some strange words.
You resist with some effort. You block the orc priest's attack.
The orc wizard casts a spell at you. You resist with some effort.
An orc comes into view. It is wielding a +0 dagger.
You block the orc priest's attack.
You are too injured to fight recklessly!
You are too injured to fight recklessly!
You are too injured to fight recklessly!
You are too injured to fight recklessly!
You are too injured to fight recklessly!
You are too injured to fight recklessly!
You are too injured to fight recklessly!
Okay, then.
Unknown command.
Unknown command.
You slash the orc priest!
You kill the orc priest!
You hit the orc priest. You hit the orc wizard.
You block the orc priest's attack. The orc wizard barely misses you.
You furiously retaliate!
You headbutt the orc wizard, but do no damage.
You hit the orc priest.
The orc priest is moderately wounded.
You barely miss the orc. You slash the orc wizard!
You kill the orc wizard!
Reactivating autopickup.
The orc hits you with a +0 hand axe.
* * * LOW HITPOINT WARNING * * *
The orc priest casts a cantrip, but nothing happens.
You hit the orc priest.
The orc priest is heavily wounded.
You hit the orc. The orc hits you but does no damage.
You block the orc priest's attack. The orc closely misses you.
The orc priest mumbles some strange prayers to Beogh against you.
Pain shoots through your body!
You die...

#......))......#
####.......)......##
#.......#.##......#.
#....<#.#.#.......#.
#######.#.#.......#.
#.......#.#.......#.
#.#######.#.......#.
##.....^_#.#....#'##.
#...@o#########.#.##.
#..o)<...+ ..#....
#........# ######.#
#........# #.#
#.......o# #.#
#.......).# #.#
#.........# #.#
##+######.# #.# #.#


You could see an orc priest and 2 orcs.

Vanquished Creatures
  Grinder (D:3)
  2 orc priests (D:3)
  2 orc wizards (D:3)
  3 adders (D:2)
  A dart slug (D:1)
  3 orcs (D:3)
  4 ball pythons
  8 bats
  7 endoplasms
  2 giant cockroaches (D:1)
  6 goblins
  4 hobgoblins
  9 jackals
  4 quokkas
  2 kobolds (D:3)
  5 rats
63 creatures vanquished.

Notes
Turn   | Place    | Note
-------+----------+-------------------------------------------
     0 | D:1      | Anon1729 the Minotaur Monk began the quest for the Orb.
     0 | D:1      | Reached XP level 1. HP: 19/19 MP: 0/0
   124 | D:1      | Reached XP level 2. HP: 27/27 MP: 1/1
   125 | D:1      | Reached skill level 1 in Armour
   512 | D:1      | Reached XP level 3. HP: 33/33 MP: 2/2
  1403 | D:2      | Reached XP level 4. HP: 38/41 MP: 3/3
  1699 | D:3      | Reached XP level 5. HP: 47/47 MP: 4/4
  1874 | D:3      | Found Biwa's Antique Weapon Emporium.
  1993 | D:3      | Noticed Grinder
  2001 | D:3      | Killed Grinder
  2002 | D:3      | Reached skill level 5 in Fighting
  2002 | D:3      | Reached skill level 5 in Axes
  2002 | D:3      | Reached XP level 6. HP: 42/56 MP: 5/5
  2104 | D:3      | Found a faded altar of an unknown god.
  2111 | D:3      | Killed from afar by an orc priest

Illustrated notes

Levels and vault maps discovered:
D:1:      dpeg_arrival_signposts, layout_loops_ring
D:2:      layout_basic, minmay_parallelograms, supply_closet_lemuel,
          grunt_ministairs_6
D:3:      layout_basic, serial_shops, shop,
          hellmonk_ecumenical_altar_leap_of_faith, uniq_grinder

Skill      XL: |  1  2  3  4  5 |
---------------+----------------+-----
Armour         | 1 2 3 |  3.7
Fighting       | 4 5 |  5.4
Axes           | 4 5 |  5.3
Dodging        | 4 |  4.9

Action                     |  1- 3 |  4- 6 || total
---------------------------+-------+-------++-------
  Melee: Hand axe          |    60 |       ||    60
         Headbutt          |    12 |     6 ||    18
         Broad axe         |       |    41 ||    41
    Use: Scroll            |       |     1 ||     1
 Armour: Robe              |     5 |       ||     5
         Chain mail        |    14 |    22 ||    36
  Dodge: Dodged            |    38 |    28 ||    66
  Block: Orb               |       |     7 ||     7

Table legend: (Time is in decaauts)
 A = Elapsed time spent in this place.
 B = Non-inter-level travel time spent in this place.
 C = Inter-level travel time spent in this place.
 D = Time resting spent in this place.
 E = Time spent auto-exploring this place.
 F = Levels seen in this place.
 G = Mean time per level.
                   A        B        C        D        E       F      G
               +--------+--------+--------+--------+--------+-----+--------+
         Total |   2131 |   1871 |    260 |      3 |   1548 |   3 |  710.3 |
       Dungeon |   2131 |   1871 |    260 |      3 |   1548 |   3 |  710.3 |
               +--------+--------+--------+--------+--------+-----+--------+

Top non-repeatable levels by time:
     D:1: 969 daAuts
     D:2: 644 daAuts
     D:3: 517 daAuts
